 Dungeon Crawl Stone Soup version 0.17-a0-1798-g879a7aa (webtiles) character file.

170 shakdrar the Skirmisher (level 5, -1/43 HPs)
             Began as a Demonspawn Abyssal Knight on Sept 10, 2015.
             Was a Priest of Lugonu.
             Killed by nerve-wracking pain
             ... invoked by an orc priest
              (4 damage)
             ... on level 5 of the Dungeon.
             The game lasted 00:11:10 (3334 turns).

shakdrar the Skirmisher (Demonspawn Abyssal Knight) Turns: 3334, Time: 00:11:10

Health: -1/43      AC: 10    Str: 14    XL:     5   Next: 25%
Magic:  0/7        EV: 10    Int: 13    God:    Lugonu [***...]
Gold:   123        SH:  2    Dex: 12    Spells: 0 memorised, 4 levels left

rFire  . . .     SeeInvis .     a - +1 hand axe
rCold  . . .     Clarity  .     i - +3 ring mail {rN+}
rNeg   + + .     SustAt   .     (no shield)
rPois  .         Gourm    .     (no helmet)
rElec  .         Spirit   +     (no cloak)
rCorr  .         Warding  .     (no gloves)
rMut   .         Stasis   .     (no boots)
MR     .....                    (no amulet)
Stlth  +.........               (no ring)
                                e - ring of positive energy

@: drained, not resistant to hostile enchantments, very unstealthy
A: large bone plates 1, magic shield
a: Depart the Abyss, Bend Space, Banish, Renounce Religion


You were on level 5 of the Dungeon.
You worshipped Lugonu.
Lugonu was most pleased with you.
You were not hungry.

You visited 1 branch of the dungeon, and saw 5 of its levels.
You visited the Abyss 1 time.

You collected 123 gold pieces.

Inventory:

Hand weapons
 a - a +1 hand axe (weapon)
Missiles
 g - 7 curare-tipped needles
Armour
 b - a +0 leather armour
 i - a +3 ring mail of positive energy (worn)
Jewellery
 e - a ring of positive energy (left hand)
Scrolls
 j - a scroll of remove curse {unknown}
 k - 2 scrolls of identify
Potions
 d - a potion of might {unknown}
 f - a potion of lignification {unknown}
 h - 2 potions of invisibility
Comestibles
 c - 3 bread rations
 l - a slice of pizza


   Skills:
 + Level 4.3(4.1) Fighting
 - Level 3.0(2.7) Axes
 * Level 3.0(2.7) Armour
 - Level 0.8(0.6) Dodging
 - Level 3.0(2.8) Invocations


You had 4 spell levels left.
You didn't know any spells.

Dungeon Overview and Level Annotations

Branches:
Dungeon (5/15)
 Temple: D:4-7

Altars:
Nemelex Xobeh

Annotations:
D:2 Crazy Yiuf


Innate Abilities, Weirdness & Mutations

You are partially covered in large bone plates (AC +2, SH +2).
When hurt, damage is shared between your health and your magic reserves.


Message History

The orc priest is severely wounded.
The orc priest hits you with a club.
* * * LOW HITPOINT WARNING * * *
You hit the orc priest but do no damage.
The orc priest is severely wounded.
The orc priest closely misses you.
You hit the orc priest but do no damage.
The orc priest is severely wounded.
The orc priest invokes the aid of Beogh against you.
Pain shoots through your body!
* * * LOW HITPOINT WARNING * * *
The orc priest hits you but does no damage.
You hit the orc priest.
The orc priest is severely wounded.
The orc priest casts a cantrip, but nothing happens.
You hit the orc priest.
The orc priest is almost dead.
The orc priest invokes the aid of Beogh against you.
Pain shoots through your body!
You die...

#.....#
#.....#
#...<.#
#...>.#
##.....#
####o.....#
#..oo.....#
##o######..#
#.)@.# ....#
#.....#
......
#.......
.#..
#.....>#.#
#.
...###.##...
##.# ..# #..
#.. .## ###
.. .


You could see an orc priest.

Vanquished Creatures
  A worker ant (D:3)
  4 gnolls (D:3)
  3 adders (D:2)
  2 worms
  2 giant geckos
  9 orcs
  6 bats
  A giant cockroach (D:1)
  7 goblins
  9 hobgoblins
  2 quokkas (D:2)
  A giant gecko skeleton (D:3)
  4 giant newts
  5 kobolds
  5 rats
61 creatures vanquished.

Notes
Turn   | Place    | Note
--------------------------------------------------------------
     0 | Abyss:1  | shakdrar the Demonspawn Abyssal Knight began the quest for the Orb.
     0 | Abyss:1  | Reached XP level 1. HP: 18/18 MP: 2/2
    11 | D:1      | Escaped the Abyss
   346 | D:1      | Gained mutation: You are partially covered in large bone plates (AC +2, SH +2). [demonic ancestry]
   346 | D:1      | Reached XP level 2. HP: 18/24 MP: 3/3
   913 | D:2      | Acquired Lugonu's second power
   969 | D:2      | Gained mutation: When hurt, damage is shared between your health and your magic reserves. [demonic ancestry]
   969 | D:2      | Reached XP level 3. HP: 21/29 MP: 5/5
  1769 | D:2      | Reached XP level 4. HP: 36/36 MP: 6/6
  1807 | D:2      | Noticed Crazy Yiuf
  2105 | D:3      | Reached skill level 4 in Fighting
  2448 | D:3      | Found a sparkling altar of Nemelex Xobeh.
  2663 | D:3      | Acquired Lugonu's third power
  2663 | D:3      | Reached XP level 5. HP: 31/42 MP: 5/7
  2980 | D:4      | Noticed an ogre
  3302 | D:5      | Entered Level 5 of the Dungeon
  3334 | D:5      | Killed from afar by an orc priest

Vault maps used:
D:1:      dpeg_arrival_short_road, serial_bayou_pond_d
D:2:      first_bread, uniq_crazy_yiuf_cottage
D:3:      nemelex_deck
D:5:      uniq_blork_the_orc, uniq_menkaure, uniq_sigmund, uniq_pikel

Action                   |  1- 3 |  4- 6 || total
-------------------------+-------+-------++-------
Melee: Hand axe          |   146 |   139 ||   285
Invok: Bend Space        |       |     1 ||     1
  Use: Potion            |     8 |       ||     8
       Scroll            |     3 |     1 ||     4
  Eat: Meat ration       |     1 |       ||     1
       Bread ration      |       |     1 ||     1
